 Dungeon Crawl Stone Soup version 0.27.1-34-g3ba077fa99 (webtiles) character file.

Game seed: 15518121042193058923

12 MilesTheDWarrior the Slasher (level 2, -3/25 HPs)
             Began as a Minotaur Gladiator on Jan 25, 2022.
             Slain by an ogre (28 damage)
             ... on level 2 of the Dungeon.
             The game lasted 00:05:03 (710 turns).

MilesTheDWarrior the Slasher (Minotaur Gladiator)    Turns: 710, Time: 00:05:04

Health: -3/25      AC:  6    Str: 18    XL:     2   Next: 20%
Magic:  1/1        EV: 11    Int:  5    God:
Gold:   29         SH:  0    Dex: 11    Spells: 1/1 levels left

rFire    . . .     SeeInvis .   a - +0 long sword
rCold    . . .     Faith    .   (no shield)
rNeg     . . .     Spirit   .   h - +1 ring mail
rPois    .         Reflect  .   c - +0 hat
rElec    .         Harm     .   (no cloak)
rCorr    .         Rampage  .   (no gloves)
Will     .....                  (no boots)
Stlth    +.........             (no amulet)
HPRegen  0.08/turn              (no ring)
MPRegen  0.07/turn              (no ring)

@: no status effects
A: horns 2, retaliatory headbutt
a: no special abilities


You were on level 2 of the Dungeon.
You visited 1 branch of the dungeon, and saw 2 of its levels.

You collected 29 gold pieces.

Inventory:

Hand Weapons
 a - a +0 long sword (weapon)
Missiles
 d - 3 throwing nets
 e - 24 arrows
 j - 14 poisoned darts (quivered)
Armour
 c - a +0 hat (worn)
 h - a +1 ring mail (worn)
Potions
 b - a potion of attraction
 f - a potion of brilliance {unknown}
 g - a potion of magic {unknown}
 i - a potion of heal wounds {unknown}


   Skills:
 * Level 2.9 Fighting
 * Level 4.0 Long Blades
 - Level 2.0 Throwing
 + Level 0.6 Armour
 + Level 3.4 Dodging


You had one spell level left.
You didn't know any spells.
Your spell library contained the following spells:

 Spells                   Type           Power      Damage    Failure   Level
 Summon Forest            Summ/Tloc      0%         N/A       100%        5
 Summon Mana Viper        Hex/Summ       0%         N/A       100%        5
 Shadow Creatures         Summ           N/A        N/A       100%        6


Dungeon Overview and Level Annotations

Branches:
Dungeon (2/15)

Altars:


Innate Abilities, Weirdness & Mutations

You have a pair of horns on your head.
You reflexively headbutt those who attack you in melee.


Message History

As you read the scroll labelled FENEPT BOJOOCH, it crumbles to dust.
It is a scroll of enchant armour.
Your +0 ring mail glows green for a moment.
Done exploring.
Done exploring.
You can't go down here!
Things that are here:
a rat corpse; a bat corpse
There is a stone staircase leading down here.
You climb downwards.
There is a stone staircase leading up here.
Found 14 arrows.
e - 24 arrows (gained 14)
A bat comes into view.
The bat hits you.
You barely miss the bat. The bat closely misses you. The bat barely misses you.
The bat misses you. You furiously retaliate!
You headbutt the bat.
You kill the bat!
No target in view!
HP restored.
Found a stone staircase leading down.
A kobold comes into view. It is wielding a +0 club.
The kobold shouts!
The kobold hits you but does no damage.
Your ring mail prevents you from hitting the kobold.
An ogre comes into view. It is wielding a +0 giant spiked club.
The kobold hits you but does no damage.
You barely miss the kobold.
The ogre shouts!
Your headbutt misses the kobold. The kobold closely misses you.
You barely miss the kobold. The kobold hits you but does no damage.
You closely miss the kobold. You headbutt the kobold.
You kill the kobold!
Your Long Blades skill increases to level 4!
You hit the ogre. You headbutt the ogre!
The ogre is moderately wounded.
The ogre hits you with a +0 giant spiked club!!
Ouch! That really hurt!
You die...

## #.. ###.### ##
#.....# ..#
#.....####..##
#..>....@O...#
#.....###.##..#
#.....# .# #.....#
.# #.....###.#
##.........#
#.......##.#
#.##########
########.#.#†......


You could see an ogre.

Vanquished Creatures
  2 ball pythons (D:1)
  4 bats
  An endoplasm (D:1)
  A hobgoblin (D:1)
  3 frilled lizards (D:1)
  A kobold (D:2)
  A rat (D:1)
13 creatures vanquished.

Notes
Turn   | Place    | Note
-------+----------+-------------------------------------------
     0 | D:1      | MilesTheDWarrior the Minotaur Gladiator began the quest for
                  | the Orb.
     0 | D:1      | Reached XP level 1. HP: 18/18 MP: 0/0
   373 | D:1      | Reached XP level 2. HP: 23/25 MP: 1/1
   706 | D:2      | Noticed an ogre
   710 | D:2      | Reached skill level 4 in Long Blades
   710 | D:2      | Slain by an ogre

Illustrated notes

Levels and vault maps discovered:
D:1:      scummos_arrival_simple_fountains, layout_loops_ring
D:2:      layout_basic, serial_shops, shop, minmay_fractal_squares_gapless_5

Skill      XL: |  1  2 |
---------------+-------+-----
Long Blades    | 4 |  4.0
Fighting       | |  2.9
Throwing       | |  2.0
Armour         | |  0.6
Dodging        | |  3.4

Action                   || total
-------------------------++-------
Melee: Long sword        ||    28
       Headbutt          ||     5
  Use: Scroll            ||     2
Armor: Ring mail         ||    13
       Leather armour    ||     5
Dodge: Dodged            ||    23
       Rpst.: Long sword ||     5
